Ice Dragons vs Influenza

Created - February 17, 2018 at 19:41

Goals
1 2 3 T
Ice Dragons 1 1 1 3
Influenza 1 2 1 4
Shots
1 2 3 T
Ice Dragons 6 8 19 33
Influenza 7 12 7 26

1st period

1. Ice Dragons , Ryan Reaves 2 (Tyler Haskins 26, Petr Vrana 16) at 9:11
2. Influenza , Garnet Hathaway 16 (Mark Olver 17, Jordan Schroeder 13) at 19:14

Penalties :
Petr Vrana (Kin) for Diving (Minor) at 9:51, Michael Latta (Kin) for Hooking (Minor) at 16:17

2nd period

3. Influenza , Garnet Hathaway 17 (Mark Olver 18, Paul Ladue 7) at 3:37
4. Ice Dragons , Tyler Haskins 14 (Kevin Connauton 16, Petr Vrana 17) at 13:03
5. Influenza , Jordan Schroeder 10 (Nikita Gusev 1, Iiro Pakarinen 9) at 19:36

Penalties :
Troy Brouwer (Kin) for Tripping (Minor) at 4:55, Tyler Haskins (Kin) for Tripping (Minor) at 9:56

3rd period

6. Ice Dragons , Tyler Haskins 15 (Petr Vrana 18, Brendon Nash 25) at 0:30
7. Influenza , Jimmy Vesey 14 (Dmitry Sinitsyn 12) at 11:34

Penalties :
Dmitry Sinitsyn (VJB) for Tripping (Minor) at 3:38, Adam Larsson (Kin) for Roughing (Minor) at 11:49, Curtis Glencross (Kin) for Tripping (Minor) at 16:20, Jeff May (VJB) for Holding (Minor) at 18:35

Goalie Stats

Anders Nilsson (Kin), 22 saves from 26 shots - (0.846), L, 24-20-3, 59:13 minutes
Thomas McCollum (VJB), 30 saves from 33 shots - (0.909), W, 28-11-2, 60:00 minutes

Players Stats for Ice Dragons

Player Name              G  A  P  +/- PIM S  H  SB GA TA FO     MP     PP MP  PK MP  
------------------------------------------------------------------------------------
Adam Larsson             0  0  0   0  2   2  2  1  0  0  0/0    20:44   1:28   3:43 
Brandon Kozun            0  0  0  -1  0   1  1  0  1  0  1/1    12:41   0:09   0:00 
Brendon Nash             0  1  1   0  0   5  1  0  0  2  0/0    26:30   1:55   6:40 
Chris Wagner             0  0  0  -1  0   0  0  0  0  0  0/0     0:42   0:09   0:00 
Curtis Glencross         0  0  0  -2  2   4  1  3  1  0  5/8    23:52   1:46   5:25 
Joe Callahan             0  0  0  -1  0   1  1  0  0  0  0/0    11:53   0:00   3:36 
Justin Faulk             0  0  0  -2  0   3  2  2  1  1  0/0    26:33   2:34   7:10 
Kevin Connauton          0  1  1  -1  0   2  0  0  0  0  0/0    17:38   0:49   1:03 
Logan MacMillan          0  0  0  -1  0   1  1  0  0  0  0/0    12:59   0:00   0:22 
Michael Chaput           0  0  0  -1  0   1  2  0  0  0  4/8    13:42   0:00   1:05 
Michael Ferland          0  0  0  -1  0   0  1  0  0  0  1/1     7:21   0:00   4:03 
Michael Latta            0  0  0  -2  2   0  1  0  0  1  9/28   21:08   1:46   4:04 
Petr Vrana               0  3  3   3  2   4  1  1  1  1  0/0    16:07   1:28   1:15 
Ryan Reaves              1  0  1   3  0   1  2  0  1  0  0/0    15:06   1:27   0:00 
Sam Carrick              0  0  0  -1  0   0  0  0  0  0  0/0     2:34   0:10   0:00 
Samuel Groulx            0  0  0   2  0   0  1  0  0  0  0/0    16:48   0:00   1:36 
Troy Brouwer             0  0  0  -2  2   1  0  2  2  1  1/4    22:09   1:46   5:27 
Tyler Haskins            2  1  3   3  2   7  3  0  0  0  10/13  19:32   1:28   2:07 

Players Stats for Influenza

Player Name              G  A  P  +/- PIM S  H  SB GA TA FO     MP     PP MP  PK MP  
------------------------------------------------------------------------------------
Beau Bennett             0  0  0  -1  0   1  2  0  1  1  1/3    18:22   5:23   0:26 
Charlie Coyle            0  0  0  -1  0   0  3  0  0  0  0/6    12:18   0:00   0:00 
Dmitry Sinitsyn          0  1  1   0  2   0  1  1  0  1  0/0    10:59   0:00   0:00 
Garnet Hathaway          2  0  2   1  0   3  3  0  0  0  0/0     9:24   0:23   0:00 
Iiro Pakarinen           0  1  1   1  0   2  0  0  0  0  0/0     9:17   0:00   0:30 
Jeff May                 0  0  0  -2  2   1  1  0  0  0  0/0    26:53   7:10   1:22 
Jeremy Morin             0  0  0   0  0   3  1  0  1  0  3/3    23:20   6:31   2:21 
Jimmy Vesey              1  0  1  -1  0   1  0  0  0  1  1/1    17:56   5:23   0:00 
Joe Morrow               0  0  0   1  0   2  1  2  0  0  0/0    17:59   4:44   1:22 
Jordan Schroeder         1  1  2   1  0   3  1  0  0  0  1/5     9:04   0:10   0:00 
Lane MacDermid           0  0  0   1  0   0  1  1  1  0  1/2    15:46   6:08   0:36 
Mark Olver               0  2  2   1  0   0  2  0  0  0  5/10   16:22   5:23   2:21 
Mark Scheifele           0  0  0   0  0   5  0  0  1  1  20/32  21:40   6:21   0:32 
Mathieu Carle            0  0  0  -2  0   1  2  0  2  1  0/0    28:21   7:10   2:44 
Matt Corrente            0  0  0   2  0   2  2  0  0  0  0/0    15:02   0:00   0:39 
Nikita Gusev             0  1  1   1  0   0  1  0  0  0  0/0     8:47   0:00   0:00 
Paul Ladue               0  1  1   3  0   2  0  0  0  2  0/0    20:44   4:44   0:39 
T.J Galiardi             0  0  0   0  0   0  0  0  0  0  0/1    14:21   0:00   0:00 

3 Stars

1 - Tyler Haskins (Kin)
2 - Garnet Hathaway (VJB)
3 - Jordan Schroeder (VJB)

Power Play

Ice Dragons - 0 on 2 Attempt(s) - 0.00%
Influenza - 0 on 7 Attempt(s) - 0.00%

Penalty Kill

Ice Dragons - 7 on 7 Attempt(s) - 100.00% - Score 0 goal in Penalty Kill
Influenza - 2 on 2 Attempt(s) - 100.00% - Score 0 goal in Penalty Kill

Team Stat

Ice Dragons - Hits : 20 - Faceoff Wins : 31 - Blocked Shots : 9 - Penalty Minutes : 12
Influenza - Hits : 21 - Faceoff Wins : 32 - Blocked Shots : 4 - Penalty Minutes : 4

Official

Referees : Martell Rob and Kowal Tom
Linesman : Mark Shewchyk and Pierre Champoux

Game Notes

4:38 of 2nd period - Penalty Shot by Troy Brouwer for Ice Dragons - Stopped by Thomas McCollum
Joe Callahan is injured at 9:11 of 2nd period (Left Knee)

Finance

Level 1 -- Attendance: 1483 (74.15%) -- Ticket Income $59,320
Level 2 -- Attendance: 794 (79.40%) -- Ticket Income $15,880
Total Attendance: 2277 (75.90%)
Total Ticket Income: $75,200
Other Income: $3,760
Total Income: $78,960

Ice Dragons

5 vs 5 Forward 
   Center                   Left Wing                Right Wing               Time % Phy DF OF 
 1 Michael Latta            Curtis Glencross         Troy Brouwer             40     2   1  2  
 2 Tyler Haskins            Petr Vrana               Ryan Reaves              30     2   1  2  
 3 Michael Chaput           Logan MacMillan          Brandon Kozun            20     2   1  2  
 4 Tyler Haskins            Michael Ferland          Curtis Glencross         10     2   2  1  

5 vs 5 Defense 
   Defense                  Defense                                           Time % Phy DF OF 
 1 Justin Faulk             Joe Callahan                                      40     2   1  2  
 2 Brendon Nash             Kevin Connauton                                   30     2   1  2  
 3 Samuel Groulx            Adam Larsson                                      20     2   1  2  
 4 Samuel Groulx            Brendon Nash                                      10     2   1  2  

PowerPlay Forward 
   Center                   Left Wing                Right Wing               Time % Phy DF OF 
 1 Michael Latta            Curtis Glencross         Troy Brouwer             60     2   0  3  
 2 Tyler Haskins            Petr Vrana               Ryan Reaves              40     2   0  3  

PowerPlay Defense
   Defense                  Defense                                           Time % Phy DF OF 
 1 Justin Faulk             Joe Callahan                                      60     2   1  2  
 2 Brendon Nash             Kevin Connauton                                   40     2   1  2  

Penalty Kill 4 Players Forward 
   Center                   Wing                     Time % Phy DF OF 
 1 Curtis Glencross         Troy Brouwer             60     2   3  0  
 2 Michael Latta            Tyler Haskins            40     2   3  0  

Penalty Kill 4 Players Defense
   Defense                  Defense                  Time % Phy DF OF 
 1 Justin Faulk             Joe Callahan             60     2   3  0  
 2 Brendon Nash             Adam Larsson             40     2   3  0  

Penalty Kill - 3 Players Forward 
   Forward                                           Time % Phy DF OF 
 1 Curtis Glencross                                  60     1   4  0  
 2 Troy Brouwer                                      40     1   4  0  

Penalty Kill - 3 Players Defense
   Defense                  Defense                  Time % Phy DF OF 
 1 Justin Faulk             Joe Callahan             60     1   4  0  
 2 Samuel Groulx            Adam Larsson             40     1   4  0  

4 vs 4 Forward 
   Center                   Wing                     Time % Phy DF OF 
 1 Curtis Glencross         Troy Brouwer             60     2   0  2  
 2 Michael Latta            Tyler Haskins            40     2   1  2  

4 vs 4 Defense
   Defense                  Defense                  Time % Phy DF OF 
 1 Justin Faulk             Joe Callahan             60     2   1  2  
 2 Brendon Nash             Kevin Connauton          40     2   1  2  

Last Minutes Offensive
   Center                   Left Wing                Right Wing               Defense                  Defense                  
   Michael Latta            Curtis Glencross         Troy Brouwer             Justin Faulk             Joe Callahan             

Last Minutes Defensive
   Center                   Left Wing                Right Wing               Defense                  Defense                  
   Michael Latta            Curtis Glencross         Troy Brouwer             Justin Faulk             Joe Callahan             

Goaltenders
Starting : Anders Nilsson           
Backup : Harru Sateri             

Extra Forwards
Normal : Sam Carrick, Logan MacMillan, Chris Wagner - PP : Sam Carrick, Brandon Kozun - PK : Michael Ferland
Extra Defensemen
Normal : Justin Faulk, Adam Larsson, Brendon Nash - PP : Brendon Nash - PK : Brendon Nash, Samuel Groulx
Penalty Shots
Curtis Glencross, Troy Brouwer, Michael Latta, Tyler Haskins, Petr Vrana

Scratches
Theodor Blueger (Healthy), Justin Shugg (Healthy), Tomas Kudelka (Broken Right Foot Toe Injury), Christian Djoos (Healthy), Michael Stone (Torn Left Knee Ligaments Injury)
Oscar Dansk (Healthy)

Influenza

5 vs 5 Forward 
   Center                   Left Wing                Right Wing               Time % Phy DF OF 
 1 Mark Scheifele           T.J Galiardi             Jeremy Morin             40     1   2  2  
 2 Charlie Coyle            Jimmy Vesey              Beau Bennett             30     1   2  2  
 3 Mark Olver               Lane MacDermid           Garnet Hathaway          20     1   2  2  
 4 Jordan Schroeder         Nikita Gusev             Iiro Pakarinen           10     1   2  2  

5 vs 5 Defense 
   Defense                  Defense                                           Time % Phy DF OF 
 1 Mathieu Carle            Jeff May                                          40     1   2  2  
 2 Matt Corrente            Paul Ladue                                        30     1   2  2  
 3 Joe Morrow               Dmitry Sinitsyn                                   20     1   2  2  
 4 Mathieu Carle            Jeff May                                          10     1   2  2  

PowerPlay Forward 
   Center                   Left Wing                Right Wing               Time % Phy DF OF 
 1 Mark Scheifele           Lane MacDermid           Jeremy Morin             60     1   2  2  
 2 Mark Olver               Jimmy Vesey              Beau Bennett             40     1   2  2  

PowerPlay Defense
   Defense                  Defense                                           Time % Phy DF OF 
 1 Mathieu Carle            Jeff May                                          60     1   2  2  
 2 Joe Morrow               Paul Ladue                                        40     1   2  2  

Penalty Kill 4 Players Forward 
   Center                   Wing                     Time % Phy DF OF 
 1 Mark Olver               Jeremy Morin             60     1   2  2  
 2 Mark Scheifele           Beau Bennett             40     1   2  2  

Penalty Kill 4 Players Defense
   Defense                  Defense                  Time % Phy DF OF 
 1 Mathieu Carle            Jeff May                 60     1   2  2  
 2 Matt Corrente            Paul Ladue               40     1   2  2  

Penalty Kill - 3 Players Forward 
   Forward                                           Time % Phy DF OF 
 1 Mark Olver                                        60     1   2  2  
 2 Mark Scheifele                                    40     1   2  2  

Penalty Kill - 3 Players Defense
   Defense                  Defense                  Time % Phy DF OF 
 1 Mathieu Carle            Jeff May                 60     1   2  2  
 2 Matt Corrente            Paul Ladue               40     1   2  2  

4 vs 4 Forward 
   Center                   Wing                     Time % Phy DF OF 
 1 Mark Scheifele           Jeremy Morin             60     1   2  2  
 2 Mark Olver               Beau Bennett             40     1   2  2  

4 vs 4 Defense
   Defense                  Defense                  Time % Phy DF OF 
 1 Mathieu Carle            Jeff May                 60     1   2  2  
 2 Matt Corrente            Paul Ladue               40     1   2  2  

Last Minutes Offensive
   Center                   Left Wing                Right Wing               Defense                  Defense                  
   Mark Scheifele           Jimmy Vesey              Jeremy Morin             Mathieu Carle            Matt Corrente            

Last Minutes Defensive
   Center                   Left Wing                Right Wing               Defense                  Defense                  
   Mark Scheifele           Lane MacDermid           Jeremy Morin             Mathieu Carle            Matt Corrente            

Goaltenders
Starting : Thomas McCollum          
Backup : Tyson Sexsmith           

Extra Forwards
Normal : Garnet Hathaway, Jordan Schroeder, Iiro Pakarinen - PP : Garnet Hathaway, Jordan Schroeder - PK : Iiro Pakarinen
Extra Defensemen
Normal : Matt Corrente, Mathieu Carle, Jeff May - PP : Matt Corrente - PK : Mathieu Carle, Jeff May
Penalty Shots
Jeremy Morin, Mark Olver, Beau Bennett, Mark Scheifele, Garnet Hathaway

Scratches
Jacob Josefson (Healthy), Jamie Devane (Healthy), Johan Larsson (Healthy), Fredric Larsson (Healthy), Tim Erixon (Healthy)
Tom Kuhnhackl (Healthy), Oskars Bartulis (Left Hip Injury), Rocco Grimaldi (Healthy), Ryan Sproul (Healthy), Josh Andrerson (Healthy)
Jesse Graham (Healthy), Vince Rocco (Healthy), Jamie Phillips (Healthy)

% Time on Ice - Ice Dragons

Lines # - Real PCT - Wanted PCT - Time Play
Normal Forward
1 - 34% - 40% - 15:17
2 - 31% - 30% - 14:02
3 - 28% - 20% - 12:37
4 - 6% - 10% - 2:47
Normal Defense
1 - 44% - 40% - 19:38
2 - 27% - 30% - 12:01
3 - 20% - 20% - 8:59
4 - 9% - 10% - 4:05
PP Forward
1 - 57% - 60% - 1:55
2 - 43% - 40% - 1:28
PP Defense
1 - 93% - 60% - 3:09
2 - 7% - 40% - 0:14
PK Forward
1 - 75% - 60% - 8:56
2 - 25% - 40% - 2:58
PK Defense
1 - 71% - 60% - 8:29
2 - 29% - 40% - 3:25
PK3 Forward
1 - 0% - 60%
2 - 0% - 40%
PK3 Defense
1 - 0% - 60%
2 - 0% - 40%
44 Forward
1 - 0% - 60%
2 - 0% - 40%
44 Defense
1 - 0% - 60%
2 - 0% - 40%
Last Minute Offensive  - 0:00
Last Minute Defensive  - 0:00
Total
Forward - 60:00
Defense - 60:00

% Time on Ice - Influenza

Lines # - Real PCT - Wanted PCT - Time Play
Normal Forward
1 - 33% - 40% - 14:53
2 - 28% - 30% - 12:33
3 - 19% - 20% - 8:30
4 - 20% - 10% - 8:47
Normal Defense
1 - 38% - 40% - 16:47
2 - 36% - 30% - 16:01
3 - 25% - 20% - 11:00
4 - 2% - 10% - 0:55
PP Forward
1 - 55% - 60% - 6:31
2 - 45% - 40% - 5:23
PP Defense
1 - 60% - 60% - 7:10
2 - 40% - 40% - 4:44
PK Forward
1 - 87% - 60% - 2:57
2 - 13% - 40% - 0:26
PK Defense
1 - 81% - 60% - 2:44
2 - 19% - 40% - 0:39
PK3 Forward
1 - 0% - 60%
2 - 0% - 40%
PK3 Defense
1 - 0% - 60%
2 - 0% - 40%
44 Forward
1 - 0% - 60%
2 - 0% - 40%
44 Defense
1 - 0% - 60%
2 - 0% - 40%
Last Minute Offensive  - 0:00
Last Minute Defensive  - 0:00
Total
Forward - 60:00
Defense - 60:00

Play by Play

1st period


0:01 of 1st period - Curtis Glencross wins face-off versus Mark Scheifele in neutral zone.
0:47 of 1st period - Brendon Nash is hit by Garnet Hathaway and loses puck.
1:02 of 1st period - Icing by Brendon Nash.
1:03 of 1st period - Jordan Schroeder wins face-off versus Michael Chaput in Ice Dragons zone.
1:16 of 1st period - Snap shot by Mark Scheifele.
1:16 of 1st period - Shot Misses the Net.
1:57 of 1st period - Slapshot by Brendon Nash.
1:57 of 1st period - Stopped by Thomas McCollum with a rebound.
2:00 of 1st period - Icing by Dmitry Sinitsyn.
2:01 of 1st period - Mark Olver wins face-off versus Michael Latta in Influenza zone.
2:26 of 1st period - Mark Scheifele is hit by Petr Vrana and loses puck.
2:56 of 1st period - Icing by Mathieu Carle.
2:57 of 1st period - Michael Latta wins face-off versus Beau Bennett in Influenza zone.
3:20 of 1st period - Snap shot by Beau Bennett.
3:20 of 1st period - Shot Misses the Net.
3:22 of 1st period - Wrist shot by Iiro Pakarinen.
3:22 of 1st period - Stopped by Anders Nilsson without a rebound.
3:23 of 1st period - Tyler Haskins wins face-off versus Jordan Schroeder in Ice Dragons zone.
3:23 of 1st period - Tyler Haskins is hit by Nikita Gusev.
3:54 of 1st period - Slapshot by Justin Faulk.
3:54 of 1st period - Stopped by Thomas McCollum without a rebound.
3:55 of 1st period - Michael Latta wins face-off versus Mark Scheifele in Influenza zone.
3:58 of 1st period - Wrist shot by Curtis Glencross.
3:58 of 1st period - Stopped by Thomas McCollum without a rebound.
3:59 of 1st period - Mark Scheifele wins face-off versus Michael Latta in Influenza zone.
4:04 of 1st period - Wrist shot by Jeremy Morin.
4:04 of 1st period - Deflect By Justin Faulk.
4:04 of 1st period - Stopped by Anders Nilsson without a rebound.
4:05 of 1st period - Mark Scheifele wins face-off versus Michael Latta in Ice Dragons zone.
4:24 of 1st period - Snap shot by T.J Galiardi.
4:24 of 1st period - Shot Misses the Net.
4:26 of 1st period - Slapshot by Mark Scheifele.
4:26 of 1st period - Stopped by Anders Nilsson with a rebound.
4:28 of 1st period - Slapshot by Jeff May.
4:28 of 1st period - Shot Misses the Net.
4:30 of 1st period - Snap shot by T.J Galiardi.
4:30 of 1st period - Shot Misses the Net.
4:34 of 1st period - Slapshot by Mark Scheifele.
4:34 of 1st period - Deflect By T.J Galiardi.
4:34 of 1st period - Shot Misses the Net.
4:34 of 1st period - Puck is out of play.
4:35 of 1st period - Tyler Haskins wins face-off versus Charlie Coyle in Ice Dragons zone.
5:00 of 1st period - Garnet Hathaway is hit by Adam Larsson.
5:41 of 1st period - Icing by Jordan Schroeder.
5:42 of 1st period - Tyler Haskins wins face-off versus Jordan Schroeder in Influenza zone.
6:14 of 1st period - Curtis Glencross is hit by Matt Corrente and loses puck.
7:43 of 1st period - Curtis Glencross is hit by Dmitry Sinitsyn.
7:59 of 1st period - Joe Morrow is hit by Michael Chaput and loses puck.
8:10 of 1st period - Charlie Coyle is hit by Tyler Haskins and loses puck.
8:46 of 1st period - Wrist shot by Jordan Schroeder.
8:46 of 1st period - Stopped by Anders Nilsson without a rebound.
8:47 of 1st period - Mark Scheifele wins face-off versus Michael Latta in Ice Dragons zone.
8:58 of 1st period - Snap shot by T.J Galiardi.
8:58 of 1st period - Shot Blocked by Adam Larsson.
9:00 of 1st period - Slapshot by Matt Corrente.
9:00 of 1st period - Deflect By Troy Brouwer.
9:00 of 1st period - Stopped by Anders Nilsson with a rebound.
9:02 of 1st period - Snap shot by Jeremy Morin.
9:02 of 1st period - Stopped by Anders Nilsson without a rebound.
9:03 of 1st period - Tyler Haskins wins face-off versus Beau Bennett in Ice Dragons zone.
9:03 of 1st period - Tyler Haskins is hit by Beau Bennett.
9:09 of 1st period - Wrist shot by Tyler Haskins.
9:09 of 1st period - Stopped by Thomas McCollum with a rebound.
9:11 of 1st period - Snap shot by Ryan Reaves.
9:11 of 1st period - Goal by Ryan Reaves - Ice Dragons : 1 - Influenza : 0.
9:12 of 1st period - Mark Scheifele wins face-off versus Michael Latta in neutral zone.
9:14 of 1st period - Off-side.
9:15 of 1st period - Mark Scheifele wins face-off versus Michael Latta in neutral zone.
9:51 of 1st period - Minor Penalty to Petr Vrana for Diving.
9:52 of 1st period - Curtis Glencross wins face-off versus Mark Scheifele in Ice Dragons zone.
10:00 of 1st period - Curtis Glencross is hit by Mathieu Carle and loses puck.
11:51 of 1st period - Penalty to Petr Vrana is over, Petr Vrana is back on ice.
15:43 of 1st period - Petr Vrana is hit by Mark Olver and loses puck.
16:17 of 1st period - Minor Penalty to Michael Latta for Hooking.
16:18 of 1st period - Curtis Glencross wins face-off versus Mark Scheifele in Ice Dragons zone.
18:17 of 1st period - Penalty to Michael Latta is over, Michael Latta is back on ice.
18:44 of 1st period - Iiro Pakarinen is hit by Tyler Haskins and loses puck.
19:03 of 1st period - Joe Morrow is hit by Logan MacMillan and loses puck.
19:14 of 1st period - Wrist shot by Garnet Hathaway.
19:14 of 1st period - Goal by Garnet Hathaway - Ice Dragons : 1 - Influenza : 1.
19:15 of 1st period - Mark Scheifele wins face-off versus Michael Latta in neutral zone.
19:18 of 1st period - Slapshot by Jeff May.
19:18 of 1st period - Shot Blocked by Curtis Glencross.
19:43 of 1st period - Snap shot by Tyler Haskins.
19:43 of 1st period - Stopped by Thomas McCollum without a rebound.
19:44 of 1st period - Jimmy Vesey wins face-off versus Tyler Haskins in Influenza zone.
Goals for this period are 1 for Ice Dragons vs 1 for Influenza.
Shots for this period are 6 for Ice Dragons vs 7 for Influenza.

2nd period


0:01 of 2nd period - Mark Scheifele wins face-off versus Michael Latta in neutral zone.
0:03 of 2nd period - Off-side.
0:04 of 2nd period - Michael Latta wins face-off versus Mark Scheifele in neutral zone.
0:09 of 2nd period - Snap shot by Joe Callahan.
0:09 of 2nd period - Stopped by Thomas McCollum with a rebound.
0:11 of 2nd period - Wrist shot by Troy Brouwer.
0:11 of 2nd period - Deflect By Curtis Glencross.
0:11 of 2nd period - Stopped by Thomas McCollum without a rebound.
0:12 of 2nd period - Mark Scheifele wins face-off versus Michael Latta in Influenza zone.
0:12 of 2nd period - Mark Scheifele is hit by Justin Faulk.
0:22 of 2nd period - Mark Scheifele is hit by Joe Callahan and loses puck.
0:39 of 2nd period - Petr Vrana is hit by Charlie Coyle and loses puck.
2:25 of 2nd period - Slapshot by Jordan Schroeder.
2:25 of 2nd period - Stopped by Anders Nilsson with a rebound.
2:27 of 2nd period - Snap shot by Matt Corrente.
2:27 of 2nd period - Stopped by Anders Nilsson without a rebound.
2:28 of 2nd period - Brandon Kozun wins face-off versus Jordan Schroeder in Ice Dragons zone.
2:33 of 2nd period - Snap shot by Iiro Pakarinen.
2:33 of 2nd period - Stopped by Anders Nilsson with a rebound.
2:35 of 2nd period - Wrist shot by Paul Ladue.
2:35 of 2nd period - Stopped by Anders Nilsson without a rebound.
2:36 of 2nd period - Jeremy Morin wins face-off versus Michael Latta in Ice Dragons zone.
3:21 of 2nd period - Icing by Charlie Coyle.
3:22 of 2nd period - Michael Chaput wins face-off versus Mark Olver in Influenza zone.
3:23 of 2nd period - Slapshot by Brandon Kozun.
3:23 of 2nd period - Shot Blocked by Lane MacDermid.
3:37 of 2nd period - Snap shot by Garnet Hathaway.
3:37 of 2nd period - Goal by Garnet Hathaway - Ice Dragons : 1 - Influenza : 2.
3:38 of 2nd period - Michael Latta wins face-off versus T.J Galiardi in neutral zone.
4:19 of 2nd period - Icing by Charlie Coyle.
4:20 of 2nd period - Lane MacDermid wins face-off versus Michael Chaput in Influenza zone.
4:20 of 2nd period - Lane MacDermid is hit by Brandon Kozun.
4:30 of 2nd period - Snap shot by Garnet Hathaway.
4:30 of 2nd period - Stopped by Anders Nilsson without a rebound.
4:31 of 2nd period - Mark Scheifele wins face-off versus Michael Latta in Ice Dragons zone.
4:36 of 2nd period - Snap shot by Mark Scheifele.
4:36 of 2nd period - Shot Misses the Net.
4:38 of 2nd period - Penalty Shot by Troy Brouwer for Ice Dragons.
4:38 of 2nd period - Deke by Troy Brouwer.
4:38 of 2nd period - Stopped by Thomas McCollum.
4:39 of 2nd period - Michael Latta wins face-off versus Mark Scheifele in Ice Dragons zone.
4:50 of 2nd period - Slapshot by Jeremy Morin.
4:50 of 2nd period - Shot Blocked by Troy Brouwer.
4:52 of 2nd period - Wrist shot by Mark Scheifele.
4:52 of 2nd period - Stopped by Anders Nilsson without a rebound.
4:53 of 2nd period - Michael Latta wins face-off versus Mark Scheifele in Ice Dragons zone.
4:55 of 2nd period - Minor Penalty to Troy Brouwer for Tripping.
4:56 of 2nd period - Mark Scheifele wins face-off versus Curtis Glencross in Ice Dragons zone.
4:56 of 2nd period - Wrist shot by Jeremy Morin.
4:56 of 2nd period - Shot Misses the Net.
4:58 of 2nd period - Snap shot by Mark Scheifele.
4:58 of 2nd period - Shot Misses the Net.
5:00 of 2nd period - Slapshot by Jeff May.
5:00 of 2nd period - Stopped by Anders Nilsson with a rebound.
5:10 of 2nd period - Wrist shot by Mark Scheifele.
5:10 of 2nd period - Stopped by Anders Nilsson with a rebound.
5:12 of 2nd period - Snap shot by Mark Scheifele.
5:12 of 2nd period - Shot Blocked by Curtis Glencross.
6:55 of 2nd period - Penalty to Troy Brouwer is over, Troy Brouwer is back on ice.
7:07 of 2nd period - Backhand shot by Brandon Kozun.
7:07 of 2nd period - Shot Misses the Net.
9:10 of 2nd period - Joe Callahan is hit by Charlie Coyle and loses puck.
9:11 of 2nd period - Joe Callahan from Ice Dragons is injured at 9:11 of 2nd period (Left Knee).
9:12 of 2nd period - Mark Scheifele wins face-off versus Michael Latta in Ice Dragons zone.
9:21 of 2nd period - Slapshot by T.J Galiardi.
9:21 of 2nd period - Shot Blocked by Justin Faulk.
9:41 of 2nd period - Off-side.
9:42 of 2nd period - Mark Scheifele wins face-off versus Tyler Haskins in neutral zone.
9:56 of 2nd period - Minor Penalty to Tyler Haskins for Tripping.
9:57 of 2nd period - Curtis Glencross wins face-off versus Mark Scheifele in Ice Dragons zone.
10:13 of 2nd period - Wrist shot by Jeremy Morin.
10:13 of 2nd period - Stopped by Anders Nilsson with a rebound.
11:31 of 2nd period - Snap shot by Jeff May.
11:31 of 2nd period - Shot Blocked by Troy Brouwer.
11:56 of 2nd period - Penalty to Tyler Haskins is over, Tyler Haskins is back on ice.
12:04 of 2nd period - Nikita Gusev is hit by Michael Latta and loses puck.
12:21 of 2nd period - Jeremy Morin is hit by Justin Faulk and loses puck.
12:49 of 2nd period - Icing by Ryan Reaves.
12:50 of 2nd period - Tyler Haskins wins face-off versus Mark Olver in Ice Dragons zone.
12:57 of 2nd period - Wrist shot by Tyler Haskins.
12:57 of 2nd period - Stopped by Thomas McCollum with a rebound.
12:59 of 2nd period - Slapshot by Kevin Connauton.
12:59 of 2nd period - Stopped by Thomas McCollum with a rebound.
13:01 of 2nd period - Wrist shot by Tyler Haskins.
13:01 of 2nd period - Shot Misses the Net.
13:03 of 2nd period - Wrist shot by Tyler Haskins.
13:03 of 2nd period - Goal by Tyler Haskins - Ice Dragons : 2 - Influenza : 2.
13:04 of 2nd period - Michael Latta wins face-off versus Mark Scheifele in neutral zone.
13:29 of 2nd period - Beau Bennett is hit by Ryan Reaves and loses puck.
14:43 of 2nd period - Tyler Haskins is hit by Jeff May and loses puck.
14:54 of 2nd period - Paul Ladue is hit by Adam Larsson and loses puck.
16:04 of 2nd period - Icing by Logan MacMillan.
16:05 of 2nd period - Beau Bennett wins face-off versus Michael Chaput in Ice Dragons zone.
16:32 of 2nd period - Wrist shot by T.J Galiardi.
16:32 of 2nd period - Shot Misses the Net.
16:34 of 2nd period - Slapshot by Mark Scheifele.
16:34 of 2nd period - Shot Misses the Net.
16:51 of 2nd period - Snap shot by Petr Vrana.
16:51 of 2nd period - Stopped by Thomas McCollum with a rebound.
16:53 of 2nd period - Slapshot by Adam Larsson.
16:53 of 2nd period - Shot Misses the Net.
16:55 of 2nd period - Slapshot by Adam Larsson.
16:55 of 2nd period - Stopped by Thomas McCollum with a rebound.
16:57 of 2nd period - Slapshot by Petr Vrana.
16:57 of 2nd period - Stopped by Thomas McCollum with a rebound.
17:32 of 2nd period - Wrist shot by Mark Scheifele.
17:32 of 2nd period - Stopped by Anders Nilsson with a rebound.
17:44 of 2nd period - Curtis Glencross is hit by Jordan Schroeder and loses puck.
18:32 of 2nd period - Tyler Haskins is hit by Garnet Hathaway.
18:44 of 2nd period - Brandon Kozun is hit by Jeremy Morin and loses puck.
18:59 of 2nd period - Mathieu Carle is hit by Samuel Groulx and loses puck.
19:24 of 2nd period - Slapshot by Mathieu Carle.
19:24 of 2nd period - Deflect By Iiro Pakarinen.
19:24 of 2nd period - Shot Misses the Net.
19:24 of 2nd period - Puck is out of play.
19:25 of 2nd period - Troy Brouwer wins face-off versus Jordan Schroeder in Ice Dragons zone.
19:32 of 2nd period - Slapshot by Jordan Schroeder.
19:32 of 2nd period - Shot Blocked by Curtis Glencross.
19:36 of 2nd period - Snap shot by Jordan Schroeder.
19:36 of 2nd period - Goal by Jordan Schroeder - Ice Dragons : 2 - Influenza : 3.
19:37 of 2nd period - Tyler Haskins wins face-off versus Mark Scheifele in neutral zone.
Goals for this period are 1 for Ice Dragons vs 2 for Influenza.
Shots for this period are 8 for Ice Dragons vs 12 for Influenza.

3rd period


0:01 of 3rd period - Mark Scheifele wins face-off versus Curtis Glencross in neutral zone.
0:25 of 3rd period - Jimmy Vesey is hit by Tyler Haskins and loses puck.
0:30 of 3rd period - Slapshot by Petr Vrana.
0:30 of 3rd period - Deflect By Tyler Haskins.
0:30 of 3rd period - Goal by Tyler Haskins - Ice Dragons : 3 - Influenza : 3.
0:31 of 3rd period - Mark Scheifele wins face-off versus Michael Latta in neutral zone.
1:02 of 3rd period - Wrist shot by Tyler Haskins.
1:02 of 3rd period - Stopped by Thomas McCollum with a rebound.
1:04 of 3rd period - Wrist shot by Petr Vrana.
1:04 of 3rd period - Stopped by Thomas McCollum without a rebound.
1:05 of 3rd period - Tyler Haskins wins face-off versus Charlie Coyle in Influenza zone.
2:21 of 3rd period - Snap shot by Brendon Nash.
2:21 of 3rd period - Deflect By Jordan Schroeder.
2:21 of 3rd period - Stopped by Thomas McCollum with a rebound.
2:55 of 3rd period - Jeff May is hit by Brendon Nash and loses puck.
3:14 of 3rd period - Snap shot by Brandon Kozun.
3:14 of 3rd period - Stopped by Thomas McCollum with a rebound.
3:16 of 3rd period - Slapshot by Brandon Kozun.
3:16 of 3rd period - Deflect By Logan MacMillan.
3:16 of 3rd period - Stopped by Thomas McCollum without a rebound.
3:17 of 3rd period - Michael Chaput wins face-off versus Mark Olver in Influenza zone.
3:38 of 3rd period - Minor Penalty to Dmitry Sinitsyn for Tripping.
3:39 of 3rd period - Mark Olver wins face-off versus Michael Latta in Influenza zone.
5:11 of 3rd period - Jeff May is hit by Curtis Glencross and loses puck.
5:38 of 3rd period - Penalty to Dmitry Sinitsyn is over, Dmitry Sinitsyn is back on ice.
5:43 of 3rd period - Brendon Nash is hit by Garnet Hathaway and loses puck.
5:58 of 3rd period - Wrist shot by Logan MacMillan.
5:58 of 3rd period - Shot Blocked by Dmitry Sinitsyn.
6:21 of 3rd period - Icing by Michael Chaput.
6:22 of 3rd period - Michael Chaput wins face-off versus Charlie Coyle in Ice Dragons zone.
6:47 of 3rd period - Curtis Glencross is hit by Matt Corrente and loses puck.
7:08 of 3rd period - Wrist shot by Michael Chaput.
7:08 of 3rd period - Stopped by Thomas McCollum without a rebound.
7:09 of 3rd period - Mark Scheifele wins face-off versus Michael Chaput in Influenza zone.
7:15 of 3rd period - Icing by T.J Galiardi.
7:16 of 3rd period - Michael Latta wins face-off versus Mark Scheifele in Influenza zone.
7:25 of 3rd period - Snap shot by Troy Brouwer.
7:25 of 3rd period - Stopped by Thomas McCollum with a rebound.
7:31 of 3rd period - Slapshot by Mathieu Carle.
7:31 of 3rd period - Stopped by Anders Nilsson without a rebound.
7:32 of 3rd period - Tyler Haskins wins face-off versus Charlie Coyle in Ice Dragons zone.
8:20 of 3rd period - Slapshot by Justin Faulk.
8:20 of 3rd period - Deflect By Joe Morrow.
8:20 of 3rd period - Stopped by Thomas McCollum with a rebound.
8:22 of 3rd period - Snap shot by Brendon Nash.
8:22 of 3rd period - Stopped by Thomas McCollum with a rebound.
8:24 of 3rd period - Wrist shot by Brandon Kozun.
8:24 of 3rd period - Shot Misses the Net.
8:28 of 3rd period - Slapshot by Justin Faulk.
8:28 of 3rd period - Stopped by Thomas McCollum with a rebound.
8:30 of 3rd period - Wrist shot by Michael Chaput.
8:30 of 3rd period - Shot Misses the Net.
8:42 of 3rd period - Slapshot by Joe Morrow.
8:42 of 3rd period - Stopped by Anders Nilsson with a rebound.
8:44 of 3rd period - Snap shot by Jordan Schroeder.
8:44 of 3rd period - Shot Misses the Net.
9:21 of 3rd period - Paul Ladue is hit by Michael Ferland and loses puck.
9:57 of 3rd period - Michael Chaput is hit by Mathieu Carle.
10:12 of 3rd period - Slapshot by Matt Corrente.
10:12 of 3rd period - Shot Misses the Net.
10:20 of 3rd period - Justin Faulk is hit by Mark Olver and loses puck.
11:34 of 3rd period - Snap shot by Jimmy Vesey.
11:34 of 3rd period - Deflect By Kevin Connauton.
11:34 of 3rd period - Goal by Jimmy Vesey - Ice Dragons : 3 - Influenza : 4.
11:35 of 3rd period - Mark Scheifele wins face-off versus Michael Latta in neutral zone.
11:49 of 3rd period - Minor Penalty to Adam Larsson for Roughing.
11:50 of 3rd period - Curtis Glencross wins face-off versus Lane MacDermid in Ice Dragons zone.
12:24 of 3rd period - Slapshot by Mathieu Carle.
12:24 of 3rd period - Shot Blocked by Justin Faulk.
12:26 of 3rd period - Wrist shot by Beau Bennett.
12:26 of 3rd period - Stopped by Anders Nilsson without a rebound.
12:27 of 3rd period - Mark Scheifele wins face-off versus Troy Brouwer in Ice Dragons zone.
12:30 of 3rd period - Backhand shot by Lane MacDermid.
12:30 of 3rd period - Deflect By Mark Scheifele.
12:30 of 3rd period - Shot Misses the Net.
12:30 of 3rd period - Puck is out of play.
12:31 of 3rd period - Mark Scheifele wins face-off versus Troy Brouwer in Ice Dragons zone.
12:36 of 3rd period - Wrist shot by Mark Scheifele.
12:36 of 3rd period - Stopped by Anders Nilsson without a rebound.
12:37 of 3rd period - Jeremy Morin wins face-off versus Curtis Glencross in Ice Dragons zone.
12:52 of 3rd period - Snap shot by Troy Brouwer.
12:52 of 3rd period - Shot Misses the Net.
13:02 of 3rd period - Slapshot by Paul Ladue.
13:02 of 3rd period - Stopped by Anders Nilsson with a rebound.
13:37 of 3rd period - Off-side.
13:38 of 3rd period - Mark Scheifele wins face-off versus Michael Latta in neutral zone.
13:49 of 3rd period - Penalty to Adam Larsson is over, Adam Larsson is back on ice.
14:27 of 3rd period - Snap shot by Petr Vrana.
14:27 of 3rd period - Stopped by Thomas McCollum without a rebound.
14:28 of 3rd period - Mark Scheifele wins face-off versus Michael Latta in Influenza zone.
15:50 of 3rd period - Snap shot by Beau Bennett.
15:50 of 3rd period - Deflect By Charlie Coyle.
15:50 of 3rd period - Shot Misses the Net.
15:50 of 3rd period - Puck is out of play.
15:51 of 3rd period - Tyler Haskins wins face-off versus Charlie Coyle in Ice Dragons zone.
15:51 of 3rd period - Tyler Haskins is hit by Charlie Coyle.
15:59 of 3rd period - Snap shot by Petr Vrana.
15:59 of 3rd period - Shot Blocked by Joe Morrow.
16:01 of 3rd period - Snap shot by Brendon Nash.
16:01 of 3rd period - Stopped by Thomas McCollum with a rebound.
16:03 of 3rd period - Snap shot by Ryan Reaves.
16:03 of 3rd period - Shot Misses the Net.
16:05 of 3rd period - Snap shot by Brendon Nash.
16:05 of 3rd period - Shot Misses the Net.
16:07 of 3rd period - Wrist shot by Kevin Connauton.
16:07 of 3rd period - Stopped by Thomas McCollum with a rebound.
16:20 of 3rd period - Minor Penalty to Curtis Glencross for Tripping.
16:21 of 3rd period - Michael Ferland wins face-off versus Mark Scheifele in Ice Dragons zone.
16:21 of 3rd period - Michael Ferland is hit by Lane MacDermid.
16:48 of 3rd period - Brendon Nash is hit by Beau Bennett and loses puck.
17:37 of 3rd period - Mark Olver is hit by Michael Chaput and loses puck.
17:44 of 3rd period - Wrist shot by Michael Chaput.
17:44 of 3rd period - Shot Blocked by Joe Morrow.
17:51 of 3rd period - Icing by Joe Morrow.
17:52 of 3rd period - Michael Chaput wins face-off versus Mark Olver in Influenza zone.
18:01 of 3rd period - Brendon Nash is hit by Joe Morrow and loses puck.
18:20 of 3rd period - Penalty to Curtis Glencross is over, Curtis Glencross is back on ice.
18:27 of 3rd period - Snap shot by Curtis Glencross.
18:27 of 3rd period - Stopped by Thomas McCollum without a rebound.
18:28 of 3rd period - Tyler Haskins wins face-off versus Charlie Coyle in Influenza zone.
18:33 of 3rd period - Slapshot by Justin Faulk.
18:33 of 3rd period - Deflect By Tyler Haskins.
18:33 of 3rd period - Stopped by Thomas McCollum with a rebound.
18:35 of 3rd period - Minor Penalty to Jeff May for Holding.
18:36 of 3rd period - Mark Olver wins face-off versus Michael Latta in Influenza zone.
18:45 of 3rd period - Wrist shot by Joe Morrow.
18:45 of 3rd period - Stopped by Anders Nilsson without a rebound.
18:46 of 3rd period - Darryl Sutter call a timeout for Ice Dragons.
18:46 of 3rd period - Michael Latta wins face-off versus Mark Olver in Ice Dragons zone.
18:53 of 3rd period - Ice Dragons, Anders Nilsson is pulled from the net.
18:53 of 3rd period - Slapshot by Brendon Nash.
18:53 of 3rd period - Stopped by Thomas McCollum with a rebound.
18:57 of 3rd period - Slapshot by Michael Latta.
18:57 of 3rd period - Deflect By Curtis Glencross.
18:57 of 3rd period - Stopped by Thomas McCollum without a rebound.
18:58 of 3rd period - Jeremy Morin wins face-off versus Michael Latta in Influenza zone.
19:23 of 3rd period - Jeremy Morin is hit by Ryan Reaves and loses puck.
19:28 of 3rd period - Slapshot by Justin Faulk.
19:28 of 3rd period - Shot Misses the Net.
19:30 of 3rd period - Slapshot by Adam Larsson.
19:30 of 3rd period - Stopped by Thomas McCollum without a rebound.
19:31 of 3rd period - Mark Olver wins face-off versus Troy Brouwer in Influenza zone.
19:39 of 3rd period - Icing by Curtis Glencross.
19:40 of 3rd period - Anders Nilsson from Ice Dragons was sent back in the game.
19:40 of 3rd period - Mark Olver wins face-off versus Tyler Haskins in Ice Dragons zone.
19:41 of 3rd period - Wrist shot by Jeremy Morin.
19:41 of 3rd period - Shot Blocked by Petr Vrana.
Goals for this period are 1 for Ice Dragons vs 1 for Influenza.
Shots for this period are 19 for Ice Dragons vs 7 for Influenza.